Map: Divergence LE

Players

AlphaOmega - Winner!

  • Race: Zerg Zerg
  • League: Platinum
  • Spawn Location: 11:00

scnightfire - Winner!

  • Race: Zerg Zerg
  • League: Diamond
  • Spawn Location: 11:00

Massa

  • Race: Terran Terran
  • Spawn Location: 5:00

qqq

  • Race: Protoss Protoss
  • Spawn Location: 5:00

VOD

Have the link to the VOD?

Description

Time

  • Played on: June 11, 2020, 6:49 a.m.
  • Length: 3:40
Show
View Real Time Build Order
Export as new Build Order

AlphaOmega Zerg - Winner!

Build Orders: Hatch First 

Get SALT Encoding   

  12  0:03  Drone  
  13  0:10  Drone  
  14  0:16  Overlord  
  14  0:36  Drone  
  14  0:37  Drone  
  16  0:47  Drone  
  17  1:01  Drone  
  18  1:11  Hatchery  
  17  1:14  Spawning Pool  
  17  1:15  Drone  
  17  1:29  Drone  
  17  1:32  Extractor  
  17  1:33  Drone  
  18  1:47  Drone  
  18  1:50  Extractor  
  18  1:56  Drone  
  19  2:09  Queen  
  19  2:11  Drone  
  22  2:22  Queen  
  22  2:23  Drone  
  22  2:28  Roach Warren  
  24  2:30  Drone x2  
  26  2:43  Drone  
  27  2:45  Drone  
  27  2:46  Overlord  
  27  2:47  Overlord  
  28  3:08  Roach x2  
  28  3:09  Roach x2  
Show
View Real Time Build Order
Export as new Build Order

scnightfire Zerg - Winner!

Build Orders: 1 Base Baneling Bust, Pool Only 

Get SALT Encoding   

  12  0:09  Drone x2  
  12  0:13  Extractor  
  13  0:16  Drone  
  14  0:37  Spawning Pool  
  14  0:40  Drone  
  14  0:53  Overlord  
  14  0:55  Overlord  
  14  1:24  Metabolic Boost  
  14  1:25  Zergling x2  
  14  1:26  Zergling x4  
  17  1:37  Zergling x2  
  18  1:43  Baneling Nest  
  17  1:48  Zergling x2  
  18  1:58  Queen, Zergling x2  
  21  2:09  Zergling x2  
  22  2:21  Zergling x2  
  23  2:31  Zergling x2  
  23  2:48  Zergling x2  
  24  2:54  Zergling x2  
  25  3:05  Zergling x2  
  24  3:17  Zergling x2  
Show
View Real Time Build Order
Export as new Build Order

Massa Terran 

Build Orders:  

Get SALT Encoding   

  12  0:07  SCV  
  13  0:15  Supply Depot  
  13  0:19  SCV  
  14  0:31  SCV  
  15  0:39  Barracks  
  15  0:43  SCV  
  16  0:55  SCV  
  17  1:07  SCV  
  18  1:19  SCV  
  19  1:26  Supply Depot  
  19  1:31  SCV  
  20  1:44  Refinery  
  20  1:49  Refinery  
  20  1:50  Marine  
  21  1:57  Barracks  
  21  2:02  Command Center  
  21  2:08  Marine  
  20  2:37  Marine  
  21  2:46  Marine  
  20  2:55  Barracks, Marine  
  21  3:04  Marine  
  21  3:17  Supply Depot  
  20  3:21  Marine  
Show
View Real Time Build Order
Export as new Build Order

qqq Protoss 

Build Orders: 1 Gate Expand 

Get SALT Encoding   

  12  0:04  Probe  
  13  0:16  Probe  
  14  0:25  Pylon  
  14  0:28  Probe  
  15  0:44  Gateway  
  15  0:47  Probe  
  16  1:09  Nexus  
  16  1:20  Probe  
  16  1:25  Assimilator  
  17  1:38  Cybernetics Core  
  17  1:43  Forge  
  17  1:45  Probe  
  18  1:58  Probe  
  19  2:05  Pylon  
  19  2:10  Probe  
  20  2:22  Stalker  
  19  2:32  Photon Cannon  
  19  2:36  Photon Cannon  
  21  2:49  Photon Cannon  
  23  3:01  Photon Cannon  
  20  3:15  Pylon  
  20  3:24  Pylon  
  20  3:29  Pylon  
Tags
 
Add a new tag
Caveats
  • Supply blocks, unpowered buildings, or Contaminate may cause inaccurate times.
  • Supply counts are checked every 10 seconds.